 Dungeon Sprint DCSS version 0.21-a0-401-g0b6bec4 (webtiles) character file.

648 Ordine the Thaumaturge (level 7, -7/54 HPs)
             Began as a Deep Elf Wizard on Oct 23, 2017.
             Was an Elder of Sif Muna.
             Mangled by an eidolon (9 damage)
             ... in the Dungeon (Sprint VII: "The Pits").
             The game lasted 00:07:10 (1018 turns).

Ordine the Thaumaturge (Deep Elf Wizard)            Turns: 1018, Time: 00:07:11

Health: -7/54      AC:  2    Str:  8 (9)  XL:     7   Next: 27%
Magic:  21/21      EV: 15    Int: 25      God:    Sif Muna [****..]
Gold:   0          SH:  0    Dex: 13      Spells: 14/23 levels left

rFire    . . .     SeeInvis .   u - +0 dagger (venom)
rCold    . . .     Gourm    .   (no shield)
rNeg     . . .     Faith    .   a - +0 robe
rPois    .         Spirit   .   m - +0 hat
rElec    .         Reflect  .   (no cloak)
rCorr    .         Harm     .   (no gloves)
MR       .....     NoTele   +   (no boots)
Stlth    ..........             (no amulet)
HPRegen  0.18/turn              (no ring)
MPRegen  0.17/turn              (no ring)

@: berserking, slowed
A: no striking features
a: Divine Energy, Channel Magic, Forget Spell, Renounce Religion


You were in the Dungeon.
You worshipped Sif Muna.
Sif Muna was greatly pleased with you.
You were not hungry.

You visited 1 branch

Inventory:

Hand Weapons
 u - a +0 dagger of venom (weapon)
Armour
 a - a +0 robe (worn)
 m - a +0 hat (worn)
Magical Staves
 b - an uncursed staff of energy
Scrolls
 j - a scroll of blinking
 n - 5 scrolls of amnesia
 o - 3 scrolls of remove curse
 p - a scroll of summoning
 q - 2 scrolls of vulnerability
Potions
 e - 6 potions of curing
 f - 5 potions of heal wounds
 g - a potion of haste
 h - 2 potions of magic
 k - a potion of berserk rage
 l - 2 potions of invisibility
Books
 c - a book of Minor Magic

   Spells                             Type                      Level
   a - Magic Dart                     Conjuration                  1
   b - Blink                          Translocation                2
   c - Call Imp                       Summoning                    2
   d - Slow                           Hexes                        2
   e - Conjure Flame                  Conjuration/Fire             3
   f - Mephitic Cloud                 Conjuration/Poison/Air       3
Comestibles
 d - 8 bread rations
 i - a chunk of flesh
 r - 40 fruits
 s - 7 meat rations


   Skills:
 + Level 4.4 Short Blades
 * Level 5.3 Armour
 + Level 6.0 Dodging
 - Level 2.4 Stealth
 + Level 8.8 Spellcasting
 + Level 7.5 Conjurations
   Level 1.1 Summonings
 + Level 5.1 Translocations
 + Level 4.8 Fire Magic
 + Level 4.3 Air Magic
 + Level 4.8 Invocations


You had 14 spell levels left.
You knew the following spells:

 Your Spells              Type           Power        Failure   Level  Hunger
a - Magic Dart            Conj           ####         1%          1    None
b - Blink                 Tloc           N/A          1%          2    None
c - Conjure Flame         Conj/Fire      #####...     1%          3    None
d - Mephitic Cloud        Conj/Pois/Air  ####....     3%          3    None


Dungeon Overview and Level Annotations

Branches:
Dungeon (1/1)

Altars:
Ashenzari
Cheibriados
Dithmenos
Elyvilon
Fedhas
Gozag
Hepliaklqana
Kikubaaqudgha
Makhleb
Nemelex Xobeh
Okawaru
Qazlal
Ru
Sif Muna
Trog
Uskayaw
Vehumet
Wu Jian
Xom
Yredelemnul
Zin
The Shining One
Beogh
Jiyva
Lugonu


Message History

i - a chunk of flesh As you open the door, it creaks loudly!
An eidolon comes into view.
The eidolon gives a chilling moan.
Casting: Magic Dart
Confirm with . or Enter, or press ? or * to list all spells.
You don't know that spell.
There isn't anything here!
A red film seems to cover your vision as you go berserk!
You feel yourself moving faster!
You feel mighty! The eidolon hits you! The eidolon closely misses you.
You hit the eidolon but do no damage. The eidolon hits you!!
The eidolon hits you.
You feel weakened.
There is an open door, spattered with blood here.
You closely miss the eidolon. The eidolon hits you!!
* * * LOW HITPOINT WARNING * * *
The eidolon drains your vigour!
You feel yourself slow down. The eidolon hits you!
You die...

#.#........##.......#
#)###########.......#
#)......# #########
#...#...# #...#...#
#.##.##.#+#
#.).#...#.+
#...#...#W#
#.......@.#
###########


You could see an eidolon.

Vanquished Creatures
  Prince Ribbit (D)
  A flying skull (D)
  A hungry ghost (D)
  A gnoll sergeant (D)
  A crimson imp (D)
  A worker ant (D)
  A mummy (D)
  3 gnolls (D)
  An adder (D)
  A river rat (D)
  2 orcs (D)
  A giant cockroach (D)
  2 jackals (D)
  A quokka (D)
  2 kobolds (D)
20 creatures vanquished.

Notes
Turn   | Place    | Note
-------+----------+-------------------------------------------
     0 | D        | Ordine the Deep Elf Wizard began the quest for the Orb.
     0 | D        | Reached XP level 1. HP: 10/10 MP: 7/7
    13 | D        | Noticed a worker ant
    68 | D        | Killed a worker ant
    68 | D        | Reached skill level 6 in Spellcasting
    68 | D        | Reached skill level 5 in Conjurations
    68 | D        | Reached XP level 2. HP: 15/15 MP: 7/11
    94 | D        | Learned a level 2 spell: Blink
    99 | D        | Found a bloodstained altar of Trog.
    99 | D        | Found a deep blue altar of Sif Muna.
    99 | D        | Found a viscous altar of Jiyva.
    99 | D        | Found a hazy altar of Hepliaklqana.
    99 | D        | Found an opulent altar of Gozag.
   100 | D        | Found a glowing golden altar of the Shining One.
   100 | D        | Found a glowing silver altar of Zin.
   100 | D        | Found a basalt altar of Yredelemnul.
   100 | D        | Found a shimmering altar of Xom.
   100 | D        | Found an ornate altar of the Wu Jian Council.
   100 | D        | Found a sacrificial altar of Ru.
   100 | D        | Found a stormy altar of Qazlal.
   100 | D        | Found an iron altar of Okawaru.
   100 | D        | Found a sparkling altar of Nemelex Xobeh.
   100 | D        | Found a burning altar of Makhleb.
   100 | D        | Found a blossoming altar of Fedhas.
   100 | D        | Found a white marble altar of Elyvilon.
   100 | D        | Found a shadowy altar of Dithmenos.
   100 | D        | Found a snail-covered altar of Cheibriados.
   102 | D        | Found a corrupted altar of Lugonu.
   102 | D        | Found a radiant altar of Vehumet.
   102 | D        | Found a roughly hewn altar of Beogh.
   103 | D        | Found an ancient bone altar of Kikubaaqudgha.
   103 | D        | Found a hide-covered altar of Uskayaw.
   103 | D        | Found a shattered altar of Ashenzari.
   104 | D        | Became a worshipper of Sif Muna the Loreminder
   159 | D        | Reached XP level 3. HP: 5/19 MP: 1/12
   456 | D        | Learned a level 3 spell: Conjure Flame
   460 | D        | Learned a level 3 spell: Mephitic Cloud
   465 | D        | Reached * piety under Sif Muna
   479 | D        | Reached skill level 1 in Short Blades
   479 | D        | Reached skill level 1 in Armour
   479 | D        | Reached skill level 1 in Invocations
   482 | D        | Reached skill level 1 in Fire Magic
   687 | D        | Noticed a flying skull
   689 | D        | Noticed a gnoll sergeant
   693 | D        | Reached skill level 1 in Air Magic
   693 | D        | Reached XP level 4. HP: 23/24 MP: 5/14
   697 | D        | Noticed a hungry ghost
   701 | D        | Killed a flying skull
   701 | D        | Reached ** piety under Sif Muna
   701 | D        | Reached skill level 7 in Spellcasting
   701 | D        | Reached XP level 5. HP: 28/28 MP: 5/17
   713 | D        | Killed a hungry ghost
   713 | D        | Reached *** piety under Sif Muna
   713 | D        | Reached skill level 5 in Dodging
   713 | D        | Reached skill level 8 in Spellcasting
   713 | D        | Reached XP level 6. HP: 30/32 MP: 14/19
   879 | D        | Noticed Prince Ribbit
   883 | D        | Killed Prince Ribbit
   883 | D        | Reached **** piety under Sif Muna
   883 | D        | Reached skill level 5 in Armour
   883 | D        | Reached skill level 5 in Translocations
   883 | D        | Reached XP level 7. HP: 36/36 MP: 16/21
  1014 | D        | Noticed an eidolon
  1018 | D        | HP: 2/54 [eidolon (20)]
  1018 | D        | Mangled by an eidolon

Vault maps used:
D:        pitsprint

Skill      XL: |  1  2  3  4  5  6 |
---------------+-------------------+-----
Spellcasting   | 6 7 8 |  8.8
Conjurations   | 5 6 7 |  7.5
Short Blades   | 1 3 4 |  4.4
Armour         | 1 3 4 5 |  5.3
Invocations    | 1 3 4 |  4.8
Dodging        | 3 4 5 6 |  6.0
Fire Magic     | 1 3 4 |  4.8
Translocations | 2 3 4 5 |  5.1
Air Magic      | 1 2 3 4 |  4.3
Stealth        | |  2.4
Summonings     | |  1.1

Action                   |  1- 3 |  4- 6 |  7- 9 || total
-------------------------+-------+-------+-------++-------
Melee: Unarmed           |     5 |       |       ||     5
       Dagger            |     3 |    12 |     2 ||    17
 Cast: Magic Dart        |    35 |    23 |       ||    58
       Blink             |     1 |       |       ||     1
       Mephitic Cloud    |     2 |     3 |       ||     5
       Conjure Flame     |     2 |     1 |       ||     3
  Use: Potion            |     2 |     2 |     1 ||     5
 Stab: Confused          |     1 |     2 |       ||     3
  Eat: Chunk             |       |     2 |       ||     2
Armor: Robe              |     1 |     2 |       ||     3
Dodge: Dodged            |    13 |    10 |     1 ||    24

Table legend:
 A = Spawn XP
 B = Non-spawn XP
 C = Spawn XP percentage of total XP
 D = Spawn monster count
 E = Non-spawn monster count
 F = Spawn count percentage of total count
 G = Total turns spent on level
                    A         B        C        D         E        F      G
               +---------+---------+-------+---------+---------+-------+---------
         Total |       0 |     927 |   0.0 |       0 |      20 |   0.0 |  1018
               +---------+---------+-------+---------+---------+-------+---------
             D |       0 |     927 |   0.0 |       0 |      20 |   0.0 |  1018
               +---------+---------+-------+---------+---------+-------+---------
